Cogmind - Beta 16 @@@ ROGUE MODE // 2025.11.22 @ 12:22:49 Player: shapeshifter Result: Destroyed by PS-RWP(R) with Subdweller Machine Gun Performance ------------- Evolutions (0) 0 Regions Visited (2) 400 Robots Destroyed (12) 60 Value Destroyed (342) 342 Prototype IDs (0) 0 Alien Tech Used (0) 0 Bonus (0) 0 TOTAL SCORE: 802 Bonus ------- None Cogmind --------- Core Integrity 0/250 Matter 216/300 Energy 99/100 System Corruption 0% Temperature Cool (0) Movement Rolling (100) Location -10/Subcaves Parts ------- > --- POWER (1) -------- (None) > --- PROPULSION (2) --- Compact Wheel > --- UTILITY (2) ------ (None) > --- WEAPON (2) ------- (None) > --- INVENTORY (5) ---- Subdweller Power Source Large Storage Unit Peak State ------------ > --- POWER ------------ Ion Engine > --- PROPULSION ------- Light Treads Subdweller Monowheel > --- UTILITY ---------- Scrap Shield > --- WEAPON ----------- Subdweller Machine Gun Subdweller Machine Gun > --- INVENTORY -------- Subdweller Power Source Wheel Compact Wheel Large Storage Unit Light Armor Plating [Rating: 12] Favorites ----------- Power Ion Engine Engine Ion Engine Propulsion Light Treads Treads Light Treads Wheel Subdweller Monowheel Utility Seismic Detector Device Seismic Detector Storage Large Storage Unit Protection Light Armor Plating Weapon Subdweller Machine Gun Ballistic Gun Subdweller Machine Gun Build | -11 -10 -10 ------- Run | Yrd Mat Sub Slots Evolved . | . . . Power . | . . . Propulsion . | . . . Utility . | . . . Weapon . | . . . Parts Attached 17 | 7 1 9 Power 2 | 1 . 1 Engine 2 | 1 . 1 Core . | . . . Reactor . | . . . Propulsion 5 | 2 . 3 Treads 2 | 2 . . Leg . | . . . Wheel 3 | . . 3 Hover . | . . . Flight . | . . . Utility 5 | 2 1 2 Device 1 | 1 . . Storage 2 | 1 1 . Processor . | . . . Hackware . | . . . Protection 2 | . . 2 Artifact . | . . . Weapon 5 | 2 . 3 Energy Gun . | . . . Energy Cannon . | . . . Ballistic Gun 5 | 2 . 3 Ballistic Cannon . | . . . Launcher . | . . . Special Weapon . | . . . Impact Weapon . | . . . Slashing Weapon . | . . . Piercing Weapon . | . . . Special Melee Weapon . | . . . Unidentified Prototypes . | . . . Parts Lost 11 | . . 11 Power 2 | . . 2 Propulsion 4 | . . 4 Utility 2 | . . 2 Weapon 3 | . . 3 Highest Loss Streak 6 | . . 6 To Critical Strikes 1 | . . 1 Average Backups 5 | 3 5 5 Power . | 1 1 . Propulsion 1 | 1 2 1 Utility 1 | . 1 2 Weapon . | . 1 . Tool/Special . | . . . Unused Backups 3 | . . 3 Power 1 | . . 1 Propulsion . | . . . Utility 2 | . . 2 Weapon . | . . . Tool/Special . | . . . Average Slot Usage (%) 91 | . 100 90 Engine 13 | . 14 13 Treads 21 | . 28 20 Wheel 4 | . . 5 Device 8 | . 14 7 Storage 8 | . 14 7 Protection 4 | . . 5 Ballistic Gun 27 | . 28 27 Peak Build Rating 12 | 7 7 12 Average Rating 7 | 4 7 8 On Entrance 4 | . 7 7 Avg Prop Armor Cover (%) 3 | . . 3 Naked Turns . | . . . Heaviest Build 31 | 14 29 31 Greatest Support 40 | 40 40 40 Greatest Overweight (x) 1 | . . 1 Average Overweight (x) . | . . . Largest Inventory Capacity 15 | 8 15 15 Average Capacity 10 | 7 10 10 Most Carried 8 | 6 8 8 Average Carried 5 | 3 5 5 Final Capacity 15 | 8 15 5 Final Carried 7 | 4 7 2 Class Distribution -------------------- 89% | Mutant 10% | Subdweller-Mutant Dominant Class ---------------- Mutant | -10/Materials Mutant | -10/Subcaves Resources | -11 -10 -10 ----------- Run | Yrd Mat Sub Matter Collected 536 | 251 57 228 Remotely . | . . . Salvage Created 340 | 43 30 267 Parts 30 | 8 4 18 Haulers Intercepted . | . . . Recyclers Shooed . | . . . Parts Field Recycled . | . . . Retrieved Matter . | . . . Parts Self-Destructed 5 | . . 5 Prevented . | . . . Parts Restored . | . . . Kills | -11 -10 -10 ------- Run | Yrd Mat Sub Combat Hostiles Destroyed 8 | . . 8 Guns 8 | . . 8 Classes Destroyed 4 | 2 . 2 Worker 1 | 1 . . Tunneler 3 | 2 1 . Cobbler 1 | . . 1 Subdweller 8 | . . 8 Best Kill Streak 2 | 2 1 2 Combat Bots Only 2 | . . 2 Max Kills in Single Turn 1 | 1 1 1 Gunslinging . | . . . Exploded . | . . . Melee . | . . . Uniques/NPCs Destroyed . | . . . Combat | -11 -10 -10 -------- Run | Yrd Mat Sub Hostile Shots Fired 98 | . . 98 Missed 24 | . . 24 Hits 74 | . . 74 Projectile 74 | . . 74 Critical Strikes 4 | . . 4 Damage Taken 1649 | . . 1649 Core 273 | . . 273 Absorbed by Shields . | . . . Core Remaining (%) 100 | 100 . . Volleys Fired 86 | 6 1 79 Largest 2 | 2 2 2 Hottest 60 | 40 40 60 Shots Fired 149 | 12 2 135 Gun 149 | 12 2 135 Cannon . | . . . Launcher . | . . . Special . | . . . Kinetic 149 | 12 2 135 Thermal . | . . . Explosive . | . . . Electromagnetic . | . . . Robot Hit Streak 16 | 3 4 16 Robot Miss Streak 5 | 5 . 1 Penetration Max . | . . . Secondary Targets 2 | . . 2 Max Gunslinging Chain 1 | . . 1 Shots Hit Robots 98 | 6 1 91 Core Hits 20 | 3 1 16 Critical Kills 1 | . . 1 Critical Parts Destroyed . | . . . Critical Strikes 3 | . . 3 Destroy 3 | . . 3 Melee Attacks . | . . . Impact . | . . . Slashing . | . . . Piercing . | . . . Sneak Attacks . | . . . Combat Hostiles . | . . . Follow-up Attacks . | . . . Damage Inflicted 1272 | 84 11 1177 Guns 1272 | 84 11 1177 Cannons . | . . . Explosions . | . . . Melee . | . . . Ramming . | . . . Kinetic 1272 | 84 11 1177 Thermal . | . . . Explosive . | . . . Electromagnetic . | . . . Impact . | . . . Slashing . | . . . Piercing . | . . . Highest Corruption . | . . . Average Corruption . | . . . Corruption Purged . | . . . Corruption Blocked . | . . . Overload Shots . | . . . Overflow Damage . | . . . Projectiles . | . . . Explosions . | . . . Melee . | . . . Knockbacks . | . . . Impact . | . . . Kinetic . | . . . Secondary . | . . . Self-Inflicted Damage . | . . . Shots . | . . . Rammed . | . . . Targets Rammed . | . . . Kicked . | . . . Crushed . | . . . Highest Temperature . | . . . Average Temperature . | . . . Received Heat Transfer 132 | . . 132 Siege Activations . | . . . Martial Activations . | . . . Shielding Activations . | . . . Robots Disrupted . | . . . Combat Hostiles . | . . . Robots Corrupted . | . . . Combat Hostiles . | . . . Parts Fried . | . . . Impact Corruptions . | . . . Robots Melted . | . . . Combat Hostiles . | . . . Parts Melted . | . . . Heat Transferred . | . . . Parts Sabotaged . | . . . Parts Stolen . | . . . Parts Stripped . | . . . Power Chain Reactions . | . . . Alert | -11 -10 -10 ------- Run | Yrd Mat Sub Maximum Alert Level . | . . . Low Security (%) 100 | 100 100 . Level 1 . | . . . Level 2 . | . . . Level 3 . | . . . Level 4 . | . . . Level 5 . | . . . High Security . | . . . Max Security . | . . . Peak Influence 5 | 5 5 . Initial 3 | . 3 . Average . | 1 . . Influence Increases 20 | 15 5 . Destroy 0b10 Robot/NC 20 | 15 5 . Influence Decreases 20 | 10 10 . Entered New Map 2 | . 2 . Time Decay 18 | 10 8 . Squads Dispatched 1 | . 1 . Investigation . | . . . Extermination . | . . . Reinforcement 1 | . 1 . Assault . | . . . Garrison . | . . . Intercept . | . . . Searches Triggered . | . . . Construction Impeded . | . . . Haulers Reinforced . | . . . Active Scanning Responses . | . . . Cargo Convoy Interrupts . | . . . Stealth | -11 -10 -10 --------- Run | Yrd Mat Sub Distress Signals . | . . . Communications Jammed . | . . . Distress Signals . | . . . Times Spotted 13 | . 1 12 Peak Tracking Total 3 | . . 3 Tactical Retreats . | . . . Traps | -11 -10 -10 ------- Run | Yrd Mat Sub Traps Triggered . | . . . Indirectly . | . . . Trap Hack Attempts . | . . . Triggered . | . . . Disarmed . | . . . Reprogrammed . | . . . Reused . | . . . Traps Extracted . | . . . Installed . | . . . Triggered . | . . . Machines | -11 -10 -10 ---------- Run | Yrd Mat Sub Machines Disabled . | . . . Max in Single Turn . | . . . Machines Repaired . | . . . Machines Dismantled . | . . . Machines Sabotaged . | . . . Overloaded Fab Kills . | . . . Hacking | -11 -10 -10 --------- Run | Yrd Mat Sub Machines Accessed . | . . . Terminals . | . . . Fabricators . | . . . Repair Stations . | . . . Recycling Units . | . . . Scanalyzers . | . . . Garrison Access . | . . . Total Hacks . | . . . Successful . | . . . Failed . | . . . Catastrophic . | . . . Database Lockouts . | . . . Manual . | . . . Terminals . | . . . Fabricators . | . . . Repair Stations . | . . . Recycling Units . | . . . Scanalyzers . | . . . Garrison Access . | . . . Terminal Hacks . | . . . Fabricator Hacks . | . . . Repair Station Hacks . | . . . Recycling Unit Hacks . | . . . Scanalyzer . | . . . Garrison Access Hacks . | . . . Unauthorized Hacks . | . . . Terminals . | . . . Fabricators . | . . . Repair Stations . | . . . Recycling Units . | . . . Scanalyzers . | . . . Garrison Access . | . . . Data Cores Recovered . | . . . Used . | . . . Hacking Detections . | . . . Full Trace Events . | . . . Feedback Events . | . . . Feedback Blocked . | . . . Robot Schematics Acquired . | . . . Robots Built . | . . . Authchips . | . . . Time . | . . . Total Robot Build Rating . | . . . Part Schematics Acquired . | . . . Parts Built . | . . . Authchips . | . . . Time . | . . . Total Part Build Rating . | . . . Part Studies Acquired . | . . . Parts Repaired . | . . . Time . | . . . Parts Recycled . | . . . Recycled Matter . | . . . Retrieved Matter . | . . . Retrieved Components . | . . . Parts Scanalyzed . | . . . Part Schematics Acquired . | . . . Parts Damaged . | . . . Bothacking | -11 -10 -10 ------------ Run | Yrd Mat Sub Used RIF Installer . | . . . Robots Hacked . | . . . Non-combat . | . . . Combat . | . . . Robot Hacks Applied . | . . . Relay Couplers Released . | . . . Fabnet Peak Effective % . | . . . Robots Rewired . | . . . Allies Hacked . | . . . Hacks Repelled . | . . . Allies | -11 -10 -10 -------- Run | Yrd Mat Sub Total Allies . | . . . Largest Group . | . . . Highest-Rated Group . | . . . Highest-Rated Ally . | . . . Total Orders . | . . . Ally Attacks . | . . . Total Damage . | . . . Kills . | . . . Allies Corrupted . | . . . Allies Melted . | . . . Intel | -11 -10 -10 ------- Run | Yrd Mat Sub Active Infowar (turns) 908 | 35 222 651 Seismic 908 | 35 222 651 Robot Analysis Total . | . . . Derelict Logs Recovered . | . . . Drone Launches . | . . . Drone Recoveries . | . . . Exploration | -11 -10 -10 ------------- Run | Yrd Mat Sub Turns Passed 1504 | 109 222 1173 Spaces Moved 757 | 61 134 562 Core 23 | 23 . . Treads 652 | 38 134 480 Legs . | . . . Wheels 82 | . . 82 Hover . | . . . Flight . | . . . Fastest Speed 50 | 50 160 100 Average Speed 153 | 118 160 155 Slowest Speed 240 | 160 160 240 Overloaded Moves . | . . . Propulsion Burnouts . | . . . Robots Hopped . | . . . Potential Cave-ins . | . . . Cave-ins Triggered . | . . . Exploration Rate (%) 25 | 4 36 35 Regions Visited 2 Branch Regions 1 Pre-discovered Areas 1 | . . 1 Known Exits Taken . | . . . Unknown Exits Taken 2 | 1 1 . Scrap Searched . | . . . Spaces Dug . | . . . Terrain Destroyed . | . . . Melee . | . . . Projectile . | . . . AOE . | . . . Terrain Rammed . | . . . Walls Destroyed . | . . . Machines Disabled . | . . . Actions | -11 -10 -10 --------- Run | Yrd Mat Sub Total 959 | 87 140 732 Wait 68 | 3 . 65 Move 755 | 60 133 562 Hop . | . . . Pick Up 20 | 11 4 5 Fast Attach 2 | . . 2 Attach 13 | 7 . 6 Detach . | . . . Swap 4 | . 1 3 Drop 8 | . 1 7 Fire 86 | 6 1 79 Melee . | . . . Ram . | . . . Kick . | . . . Crush . | . . . Escape Stasis . | . . . Rewire . | . . . Trap . | . . . Miscellaneous 3 | . . 3 Route ------- -11/Scrapyard -10/Materials (discovered 3 exits: [*Mat] / [*Min] / [*Sub]) -10/Subcaves (discovered 1 exit: [*Scr]) History --------- Turn | Location | Event 36 | -11/Scrapyard | Discovered new exit (range 16) 110 | -11/Scrapyard | Entered Materials 111 | -10/Materials | Met a group of wandering Federalists 206 | -10/Materials | Discovered new exit (range 8) 294 | -10/Materials | Discovered new exit (range 9) 303 | -10/Materials | Build established: Mutant 329 | -10/Materials | Discovered new exit (range 3) 332 | -10/Materials | Entered Subcaves 333 | -10/Subcaves | Continued accompanying wandering Federalists (5) 350 | -10/Subcaves | Learned location of Zion (-7) 350 | -10/Subcaves | Met a Zionite searching for "candidates" 565 | -10/Subcaves | Lost 6 allies 587 | -10/Subcaves | Wandering Federalist uncovered a shortcut to Scraptown 1452 | -10/Subcaves | A Subdweller sparked back to life 1452 | -10/Subcaves | A Subdweller sparked back to life 1452 | -10/Subcaves | A Subdweller sparked back to life 1472 | -10/Subcaves | Core integrity fell below 50% 1503 | -10/Subcaves | Core integrity fell below 20% 1505 | -10/Subcaves | Destroyed by PS-RWP(R) with Subdweller Machine Gun Last Messages --------------- 01407_ NP-4CM(R): "SUBHATE!" 01418_ Subatomizers dissect the Wheel. 01422_ NP-4CM(R) destroyed. 01452_ 6Z-0Q5(R) creaks and sparks as it begins to move. 01452_ XX-UAJ(R) creaks and sparks as it begins to move. 01452_ PS-RWP(R) creaks and sparks as it begins to move. 01467_ Lgt. Armor Plating destroyed. 01474_ XX-UAJ(R) destroyed. 01474_ Switching to secondary target: PS-RWP(R). 01478_ Acquired 22 matter. 01484_ PS-RWP(R) affixes Scrap Shield Fragment to Scrap Shield. 01485_ Critical hit (Destroy). 01485_ Sub. Machine Gun destroyed. 01487_ Broken Sub. Monowheel destroyed. 01489_ Ion Engine destroyed. 01499_ Lgt. Treads destroyed. Map ----- +----------------------------------------------------+ | ???????????????????????????????????????# ##????? | | ???????????????????????????????????????# #????? | | ???????????????????????????????????????# #????? | | ???????????????????????????????????????## #????? | | ???????????????????????????????????????##| ##????? | | ??????????????????????????????????????##%! #????? | | ??????????????????????????????????????# ! #????? | | ??????????????????????????????????????##! ###### | | ??????????????????????????????????????##!! "" | | ??????????????????????????????????????# """"" "" | | ??????????????????????????????????????### """"" "" | | ???????????????????????????????????????## " "" ### | | ??????????????????????????????????????## " ##?? | | ??????????????????????????????????????# "" "#??? | | ??????????????????????????????????????#### ! #??? | | ????????????????????????????????????????### %&##?? | | ??????????????????????????????????????### # & "### | | ?????????????????????????????????????## [ | | ?? ???????????######????????????????# !% | | ???? ????????## "#???????????????# ! ### ## | | ?## ?" ????#### #?????????????????# ###?## ##? | | ?# " # ??# # ! #????????????????# #??## #?? | | ## ###!##R ###########?###?## #??## # #?? | | & ## # # ### ### #??# #?? | | & R ## #??## ###?? | | "" # @ #???## #??## | | ?? " # # ######## #### ##???# #?# # | | ?## ##########??????###??# ##??### ## | | ??#######??????????????????#### #### | | ???????????????????????????# # | | ???????????????????????????## # ### | | ????????????????????????????# & = ## ##?? | | ????????????????????????????# ##### # #??? | | ?????????????????????????##### ##???## ### #??? | | ?????????????????????????# ####??## #?# ##?? | | ????????????????????????## ## ##### ## ### | | ????????????????????????# ### ## | | ????????????????????????# # ##?? ##### | | ????????????????????????# ### # ##??### ## | | ????????????????????????# ???# ### #????# ## | | ????????????????????????# ?? # #????# | | ????????????????????????##?? ###### ##???## | | ??????????????????????????? ????## ##???# | | ????????????????????????#?# ????## #???# # | | ????????????????????????# ??### ###???# # | | ?????????????????????? ## # #?????# # | | ??????????????????????? ??# ###??## # | | ?????????????????????? # ??# ""##?# | | ??????????????????????### ???## ## "" #?# ### | | ?????????????????????? ##?# ?# """#?#[ #?? | +----------------------------------------------------+ Best States ------------- Heat Dissipation 25 Energy Generation 10 Energy Capacity 250 Matter Stores 300 Matter Capacity 300 Sight Range 16 Terrain Scan Density 10 Armor Coverage 800 Evasion (%) 50 Recoil Reduction 2 Item Schematics ----------------- None Robot Schematics ------------------ None Fabricated ------------ Nothing Repaired ---------- Nothing Studied --------- None Alien Tech Used ----------------- None Achievements -------------- None Challenges ------------ None Game ------ Seed ShieldSalvagingLaser Manual? 0 Play Time 00:08:11 Cumulative 540.5 hours Start 2025.11.21 @ 20:25:50 End 2025.11.22 @ 12:22:49 Sessions 2 Manual Loads 0 Difficulty Rogue Special Mode None Game No. 710 Rogue 710 Adventurer 0 Explorer 0 Win Type - Total 19 Types 8/1/2/2/2/0/2/2/0/0 Lore% 92 Gallery% 86 Achievement% 70 Wizard Run 0 Options --------- Layout 2 ASCII 0 Keyboard 0 Movement Mouse Keybinds 0 Fullscreen 2 Font 24/Tamsyn Map View 50x49 Zoom Use 0% Tactical HUD 1 Map Filters NONE Filters NONE Steam 1 RUN: 8dc004ec-77ea-474f-ba19-00f78b8628f6